 Dungeon Crawl Stone Soup version 0.29-a0-551-gffc1d7fb78 (webtiles) character file.

Game seed: 10421297125857565078

51 NateTC the Skirmisher (level 3, -4/36 HPs)
             Began as a Hill Orc Fighter on June 5, 2022.
             Slain by a gnoll
             ... wielding a +0 halberd
              (14 damage)
             ... on level 2 of the Dungeon.
             The game lasted 00:02:04 (1233 turns).

NateTC the Skirmisher (Hill Orc Fighter)            Turns: 1233, Time: 00:02:05

Health: -4/36      AC:  6    Str: 20    XL:     3   Next: 81%
Magic:  3/3        EV:  9    Int:  8    God:
Gold:   26         SH:  5    Dex: 10    Spells: 2/2 levels left

rFire   . . .      SeeInvis .   a - +1 war axe
rCold   . . .      Faith    .   c - +1 buckler
rNeg    . . .      Spirit   .   b - +0 scale mail
rPois   .          Reflect  .   (no helmet)
rElec   .          Harm     .   (no cloak)
rCorr   .          Rampage  .   (no gloves)
Will    +....                   (no boots)
Stlth   ..........              (no amulet)
HPRegen 0.12/turn               h - ring of willpower
MPRegen 0.08/turn               (no ring)

@: no status effects
A: no striking features
a: no special abilities


You were on level 2 of the Dungeon.
You visited 1 branch of the dungeon, and saw 2 of its levels.

You collected 26 gold pieces.

Inventory:

Hand Weapons
 a - a +1 war axe (weapon)
Armour
 b - a +0 scale mail (worn)
 c - a +1 buckler (worn)
Jewellery
 g - a ring of wizardry
 h - a ring of willpower (left hand)
Potions
 d - a potion of might
 e - a potion of ambrosia {unknown}
 i - a potion of degeneration
 j - a potion of attraction


   Skills:
 * Level 5.6 Fighting
 - Level 2.6 Axes
 - Level 3.2 Armour
 - Level 3.2 Shields


You had 2 spell levels left.
You didn't know any spells.
Your spell library contained the following spells:

 Spells                   Type           Power      Damage    Failure   Level
 Freeze                   Ice            0%         1d3       85%         1
 Frozen Ramparts          Ice            0%         1d2       99%         3
 Hailstorm                Conj/Ice       0%         3d3       100%        4


Dungeon Overview and Level Annotations

Branches:
Dungeon (2/15)

Altars:


Message History

You closely miss the goblin. The goblin hits you but does no damage.
You barely miss the goblin. The goblin closely misses you.
You slash the goblin!
You kill the goblin!
Things that are here:
a +0 club; a goblin corpse You open the door.
There is an open door here.
Found a golden potion. 2 gnolls come into view.
The gnoll shouts! x2; You hear a shout!
A gnoll comes into view. It is wielding a +0 club.
You hear a bark!
You block the gnoll's attack.
The gnoll hits you from afar with a +0 halberd!
You see here a golden potion.
e - a golden potion The gnoll barely misses you. x2
You hit the gnoll.
The gnoll is lightly wounded.
You barely miss the gnoll. The gnoll hits you with a +0 whip.
The gnoll barely misses you. The gnoll hits you but does no damage.
You barely miss the gnoll.
The gnoll is lightly wounded.
You slash the gnoll! The gnoll hits you with a +0 whip.
The gnoll closely misses you.
The gnoll hits you from afar with a +0 halberd.
You closely miss the gnoll.
The gnoll is lightly wounded.
You slash the gnoll!
You kill the gnoll!
The gnoll barely misses you. The gnoll hits you but does no damage.
The gnoll closely misses you. You block the gnoll's attack.
The gnoll closely misses you. x2
You hit the gnoll.
The gnoll is lightly wounded.
You barely miss the gnoll. The gnoll hits you with a +0 whip!
* * * LOW HITPOINT WARNING * * *
The gnoll hits you with a +0 halberd!
You die...

#.# #.# #.# #.# #.#
#.# #.### #.# #...#
##.##### ##.#.#
#......#
#....#######.#....####
..............)g@....+
#....#######.##.g.####
##.#.# #.###..# ###.#
#.# #..# #.# #.. ...#
#.# ### #.## ..# #.#
.## #.#


You could see 2 gnolls.

Vanquished Creatures
  A gnoll (D:2)
  A dart slug (D:1)
  4 endoplasms (D:1)
  2 giant cockroaches (D:1)
  2 goblins
  3 hobgoblins (D:1)
  2 quokkas (D:1)
  4 ball pythons (D:1)
  4 bats (D:1)
  8 frilled lizards (D:1)
  6 kobolds (D:1)
  2 rats (D:1)
39 creatures vanquished.

Notes
Turn   | Place    | Note
-------+----------+-------------------------------------------
     0 | D:1      | NateTC the Hill Orc Fighter began the quest for the Orb.
     0 | D:1      | Reached XP level 1. HP: 19/19 MP: 1/1
   127 | D:1      | Reached skill level 4 in Fighting
   158 | D:1      | Reached XP level 2. HP: 21/27 MP: 2/2
   561 | D:1      | Reached XP level 3. HP: 34/35 MP: 3/3
   603 | D:1      | Reached skill level 5 in Fighting
  1233 | D:2      | Slain by a gnoll

Illustrated notes

Levels and vault maps discovered:
D:1:      evilmike_arrival_hilbert_curve, layout_basic, minmay_lizard_pond
D:2:      layout_loops_corners, minmay_misc_feat_five

Skill      XL: |  1  2  3 |
---------------+----------+-----
Fighting       | 4 5 |  5.6
Axes           | |  2.6
Armour         | |  3.2
Shields        | |  3.2

Action                   || total
-------------------------++-------
Melee: War axe           ||    89
  Use: Scroll            ||     5
Armor: Scale mail        ||    56
Dodge: Dodged            ||    71
Block: Buckler           ||    33

Table legend: (Time is in decaauts)
 A = Elapsed time spent in this place.
 B = Non-inter-level travel time spent in this place.
 C = Inter-level travel time spent in this place.
 D = Time resting spent in this place.
 E = Time spent auto-exploring this place.
 F = Levels seen in this place.
 G = Mean time per level.
                   A        B        C        D        E       F      G
               +--------+--------+--------+--------+--------+-----+--------+
         Total |   1267 |   1260 |      7 |    203 |    745 |   2 |  633.5 |
       Dungeon |   1267 |   1260 |      7 |    203 |    745 |   2 |  633.5 |
               +--------+--------+--------+--------+--------+-----+--------+

Top non-repeatable levels by time:
     D:1: 1205 daAuts
     D:2: 61 daAuts
